 Dungeon Crawl Stone Soup version 0.21-a0-348-ga060c75 (webtiles) character file.

3886 vishdafish the Fiendish (level 10, -1/70 HPs)
             Began as a Demonspawn Fighter on Oct 7, 2017.
             Was a Priest of Makhleb.
             Slain by a killer bee (3 damage)
             ... on level 8 of the Dungeon.
             The game lasted 00:12:12 (7763 turns).

vishdafish the Fiendish (Demonspawn Fighter)        Turns: 7763, Time: 00:12:13

Health: -1/70      AC: 10    Str: 17    XL:     10   Next: 0%
Magic:  17/17      EV: 10    Int: 12    God:    Makhleb [***...]
Gold:   361        SH: 10    Dex: 13    Spells: 9/9 levels left

rFire    + . .     SeeInvis .   a - +0 war axe
rCold    . . .     Gourm    .   c - +0 shield
rNeg     . . .     Faith    .   b - +0 scale mail
rPois    .         Spirit   .   (no helmet)
rElec    .         Reflect  .   (no cloak)
rCorr    .         Harm     .   H - +0 pair of gloves
MR       .....                  (no boots)
Stlth    ..........             (no amulet)
HPRegen  0.21/turn              B - ring of fire
MPRegen  0.15/turn              k - ring of protection from cold

@: lethally poisoned (-1 -> -9), drained
A: talons 2, icy blue scales 1
a: Minor Destruction, Lesser Servant of Makhleb, Renounce Religion


You were on level 8 of the Dungeon.
You worshipped Makhleb.
Makhleb was most pleased with you.
You were not hungry.

You visited 1 branch of the dungeon, and saw 8 of its levels.

You collected 361 gold pieces.

Inventory:

Hand Weapons
 a - a +0 war axe (weapon)
 L - a +1 whip of flaming
Missiles
 J - a throwing net (quivered)
Armour
 b - a +0 scale mail (worn)
 c - a +0 shield (worn)
 H - a +0 pair of gloves (worn)
Jewellery
 i - an uncursed ring of stealth
 k - a ring of protection from cold (right hand)
 B - a ring of fire (left hand)
 F - an uncursed ring of fire
Wands
 t - a wand of confusion (20/48)
 E - a wand of acid (5/15)
 K - a wand of iceblast (7/15)
 M - a wand of scattershot (5/9)
Scrolls
 d - a scroll of random uselessness {unknown}
 e - a scroll of remove curse {unknown}
 g - 8 scrolls of identify {unknown}
 n - 5 scrolls of enchant weapon {unknown}
 r - 3 scrolls of amnesia {unknown}
 y - 2 scrolls of blinking {unknown}
 C - 2 scrolls of enchant armour {unknown}
 D - a scroll of teleportation {unknown}
 N - a scroll of holy word {unknown}
Potions
 h - 2 potions of ambrosia {unknown}
 j - a potion of curing {unknown}
 l - 2 potions of lignification
 q - a potion of heal wounds {unknown}
 s - a potion of resistance {unknown}
 u - 3 potions of brilliance {unknown}
 w - 3 potions of agility {unknown}
 x - 3 potions of flight {unknown}
 z - a potion of magic {unknown}
 A - a potion of degeneration {unknown}
 G - a potion of mutation {unknown}
Books
 p - a book of Minor Magic

   Spells                             Type                      Level
   a - Magic Dart                     Conjuration                  1
   b - Blink                          Translocation                2
   c - Call Imp                       Summoning                    2
   d - Slow                           Hexes                        2
   e - Conjure Flame                  Conjuration/Fire             3
   f - Mephitic Cloud                 Conjuration/Poison/Air       3
 I - the Compendium of Ice
   (You found it on level 8 of the Dungeon)

   Spells                             Type                      Level
   a - Throw Icicle                   Conjuration/Ice              4
   b - Ice Form                       Ice/Transmutation            4
   c - Freezing Cloud                 Conjuration/Ice/Air          6
   d - Ozocubu's Refrigeration        Ice                          6
Comestibles
 f - 7 bread rations
 m - 8 royal jellies
 o - 2 meat rations
 v - 8 fruits


   Skills:
 - Level 3.0(2.9) Fighting
 * Level 7.4(7.3) Axes
 + Level 5.7 Armour
 + Level 4.8 Dodging
 + Level 5.7 Shields
 * Level 9.4 Invocations


You had 9 spell levels left.
You didn't know any spells.

Dungeon Overview and Level Annotations

Branches:
Dungeon (8/15)             Temple (0/1) D:5
   Lair: D:8-11

Altars:
Ashenzari
Dithmenos
Makhleb
Nemelex Xobeh
Qazlal
Trog
Uskayaw
Xom
Yredelemnul
Zin
The Shining One

Shops:
D:4 [


Innate Abilities, Weirdness & Mutations

You have razor-sharp toenails.
You are partially covered in icy blue scales. (AC +2)


Message History

Aim: a killer bee (lightly wounded)
The zap misses the killer bee.
You feel sick. You block the killer bee's attack. The killer bee stings you.
* * * LOW HITPOINT WARNING * * *
Press: ? - help, Shift-Dir - straight line, f/p - killer bee
Aim: a killer bee (lightly wounded)
The killer bee writhes in agony!
You feel sick. You block the killer bee's attack. The killer bee stings you.
* * * LOW HITPOINT WARNING * * *
You are lethally poisoned!
The killer bee poisons you!
Press: ? - help, Shift-Dir - straight line, f/p - killer bee
Aim: a killer bee (moderately wounded)
The zap hits the killer bee.
The killer bee is heavily wounded.
* * * LOW HITPOINT WARNING * * *
You feel sick.
The killer bee stings you but does no damage.
The killer bee stings you.
You die...

. ## ..# .. ...# #y ...#
#y ##..############ #.
#...[........... #.
#...............
.?.###.###.#.............
......%y@..........).....
#+####.###.#.............
... #.##............
#######+#...##........
#.........###......
#.........# #.#####
#.........# #.####.
+.........# #....#.
#.........######.#.


You could see a killer bee.

Vanquished Creatures
  Pikel (D:7)
  Joseph (D:7)
  A wyvern (D:8)
  Menkaure (D:7)
  The ghost of p0werm0de the Chiller, an amateur OpIE (D:3)
  An ice beast (D:8)
  2 orc warriors
  A slave (D:7)
  5 ogres
  6 centaurs
  5 bullfrogs
  8 killer bees
  2 wights (D:8)
  A crimson imp (D:7)
  2 bullfrog zombies
  2 hounds
  3 orc wizards
  2 orc priests
  Jessica (D:3)
  A centaur skeleton (D:5)
  6 worker ants
  2 hound zombies
  3 worker ant zombies
  4 gnolls (D:6)
  A howler monkey zombie (D:5)
  5 adders
  An ooze (D:1)
  2 dart slugs
  5 leopard geckos
  30 orcs
  3 ball pythons
  7 giant cockroaches
  11 goblins
  11 hobgoblins
  5 jackals
  6 quokkas
  6 bats
  A jackal skeleton (D:5)
  10 kobolds
  A leopard gecko skeleton (D:4)
  A leopard gecko zombie (D:8)
  A quokka skeleton (D:6)
  6 rats
175 creatures vanquished.

Vanquished Creatures (collateral kills)
  3 wights (D:8)
3 creatures vanquished.

Vanquished Creatures (others)
  A water moccasin (D:7)
  A slave (D:7)
  A plant (D:4)
3 creatures vanquished.

Grand Total: 181 creatures vanquished

Notes
Turn   | Place    | Note
-------+----------+-------------------------------------------
     0 | D:1      | vishdafish the Demonspawn Fighter began the quest for the Orb.
     0 | D:1      | Reached XP level 1. HP: 18/18 MP: 1/1
   176 | D:1      | Gained mutation: You have sharp toenails. [demonic ancestry]
   176 | D:1      | Reached XP level 2. HP: 24/24 MP: 2/2
   623 | D:1      | Reached XP level 3. HP: 27/29 MP: 3/3
   811 | D:2      | Reached skill level 1 in Dodging
   942 | D:2      | Found a burning altar of Makhleb.
   950 | D:2      | Gained mutation: You have razor-sharp toenails. [demonic ancestry]
   950 | D:2      | Reached XP level 4. HP: 13/35 MP: 4/4
   955 | D:2      | Became a worshipper of Makhleb the Destroyer
  1163 | D:2      | Found a shattered altar of Ashenzari.
  1765 | D:3      | Reached skill level 1 in Invocations
  1803 | D:3      | Noticed Jessica
  1805 | D:3      | Killed Jessica
  1805 | D:3      | Reached XP level 5. HP: 41/41 MP: 4/6
  1816 | D:3      | Noticed p0werm0de's ghost (amateur OpIE)
  1826 | D:3      | Killed p0werm0de's ghost
  1826 | D:3      | Reached skill level 2 in Invocations
  1846 | D:3      | Found a stormy altar of Qazlal.
  2230 | D:4      | Noticed an ogre
  2241 | D:3      | Reached XP level 6. HP: 44/47 MP: 8/8
  2286 | D:4      | Reached skill level 3 in Invocations
  2413 | D:4      | Found a glowing silver altar of Zin.
  2445 | D:4      | Reached * piety under Makhleb
  2731 | D:4      | Found Toogontobu's Antique Armour Boutique.
  2791 | D:4      | HP: 2/47 [orc priest/flail (1)]
  3048 | D:4      | Found a bloodstained altar of Trog.
  3073 | D:4      | Found a shadowy altar of Dithmenos.
  3090 | D:4      | Found a shimmering altar of Xom.
  3229 | D:4      | Found a sparkling altar of Nemelex Xobeh.
  3339 | D:5      | Entered Level 5 of the Dungeon
  3439 | D:5      | Found a staircase to the Ecumenical Temple.
  3465 | D:5      | Found a hide-covered altar of Uskayaw.
  3469 | D:5      | Reached skill level 4 in Invocations
  3477 | D:5      | Reached XP level 7. HP: 27/52 MP: 10/10
  3484 | D:5      | Reached ** piety under Makhleb
  3729 | D:5      | Found a basalt altar of Yredelemnul.
  4229 | D:5      | Reached skill level 5 in Invocations
  4371 | D:5      | Found a glowing golden altar of the Shining One.
  4543 | D:6      | Gained mutation: You are partially covered in icy blue scales. (AC +2) [demonic ancestry]
  4543 | D:6      | Reached XP level 8. HP: 58/58 MP: 12/12
  4579 | D:6      | Reached skill level 5 in Axes
  4722 | D:6      | Reached skill level 6 in Invocations
  5213 | D:7      | Reached skill level 7 in Invocations
  5413 | D:7      | Noticed Menkaure
  5420 | D:7      | Killed Menkaure
  5618 | D:7      | Noticed Joseph
  5636 | D:7      | Killed Joseph
  5636 | D:7      | Reached skill level 5 in Armour
  5636 | D:7      | Reached skill level 5 in Shields
  5636 | D:7      | Reached XP level 9. HP: 21/63 MP: 14/14
  6031 | D:7      | Reached *** piety under Makhleb
  6039 | D:7      | Reached skill level 8 in Invocations
  6519 | D:7      | Noticed Pikel
  6528 | D:7      | Killed Pikel
  6929 | D:8      | Reached skill level 9 in Invocations
  7166 | D:8      | Identified the Compendium of Ice
  7756 | D:8      | Reached XP level 10. HP: 24/70 MP: 17/17
  7763 | D:8      | HP: 2/70 [poisoned by a killer bee]
  7763 | D:8      | Slain by a killer bee

Vault maps used:
D:1:      nagdon_arrival_double_spiral
D:2:      lemuel_doored_altar, makhleb_blood_cavern_becter
D:3:      nicolae_overflow_crystal_walls, first_bread, uniq_jessica
D:4:      corexii_shack_village, nicolae_overflow_quartered_altars,
          serial_shops, shop, lemuel_tele_altar
D:5:      lemuel_round_altar, marbit_many_paths, eat_drink_and_be_merry_uskayaw,
          minmay_temple_entry_trees, kennysheep_opposing_triangles
D:7:      grunt_ogre_cave, minmay_misc_feat_rows, uniq_joseph, uniq_menkaure,
          uniq_pikel
D:8:      small_statue_intersection

Skill      XL: |  1  2  3  4  5  6  7  8  9 |
---------------+----------------------------+-----
Axes           | 2 3 4 6 7 |  7.4
Armour         | 3 4 5 |  5.7
Shields        | 3 4 5 |  5.7
Dodging        | 1 2 3 4 |  4.8
Invocations    | 1 2 4 5 7 9 |  9.4
Fighting       | |  3.0

Action                   |  1- 3 |  4- 6 |  7- 9 | 10-12 || total
-------------------------+-------+-------+-------+-------++-------
Melee: War axe           |    80 |   181 |   330 |     4 ||   595
       Kick              |    11 |    36 |    73 |       ||   120
Invok: Minor Destruction |       |       |    42 |     4 ||    46
       Lesser Servant of |       |       |     1 |       ||     1
  Use: Potion            |       |     1 |     2 |       ||     3
  Eat: Chunk             |       |     5 |    11 |       ||    16
       Bread ration      |       |     1 |       |       ||     1
       Meat ration       |       |       |     1 |       ||     1
Armor: Scale mail        |    26 |    54 |   107 |     2 ||   189
       Skin              |       |       |    37 |       ||    37
Dodge: Dodged            |    14 |    66 |   119 |     4 ||   203
Block: Shield            |    46 |    99 |   198 |     6 ||   349

Table legend:
 A = Spawn XP
 B = Non-spawn XP
 C = Spawn XP percentage of total XP
 D = Spawn monster count
 E = Non-spawn monster count
 F = Spawn count percentage of total count
 G = Total turns spent on level
                    A         B        C        D         E        F      G
               +---------+---------+-------+---------+---------+-------+---------
         Total |       0 |    5552 |   0.0 |       0 |     177 |   0.0 |  7763
               +---------+---------+-------+---------+---------+-------+---------
           D:1 |       0 |      48 |   0.0 |       0 |      22 |   0.0 |   754
           D:2 |       0 |     101 |   0.0 |       0 |      23 |   0.0 |   946
           D:3 |       0 |     283 |   0.0 |       0 |      20 |   0.0 |   577
           D:4 |       0 |     169 |   0.0 |       0 |      27 |   0.0 |  1062
           D:5 |       0 |     819 |   0.0 |       0 |      23 |   0.0 |  1198
           D:6 |       0 |     632 |   0.0 |       0 |      18 |   0.0 |   583
           D:7 |       0 |    2368 |   0.0 |       0 |      21 |   0.0 |  1716
           D:8 |       0 |    1132 |   0.0 |       0 |      23 |   0.0 |   927
               +---------+---------+-------+---------+---------+-------+---------
